AoeStats
← Jimmy Jay

Black Forest

509340075Analyzed
4v4 RM · 7d ago on Sep 26, 2026· 53m 41s· 8 players
Game mode
Random Map
Map size
Large (8 player)
Population
200
Speed
Normal
Resources
Standard
Victory
Conquest
Starting age
Dark Age
Ending age
Imperial Age
RankedLock teamsTeams togetherTeam positionsShared explorationLock speedFull tech treeHidden civsTurbo modeCheats
Victory
Defeat
🇯🇵 Turks · Japan
1076
+12
🇦🇷 Britons · Argentina
1037
+13
🇻🇳 Huns · Vietnam
926
+18
🇨🇳 Persians · China
921
+18
🇹🇷 Berbers · Türkiye
1067
-19
🇫🇷 Britons · France
996
-16
🇨🇿 Romans · Czechia
969
-15
🇪🇸 Khmer · Spain
861
-11
Grubik
1:52 Loom
15:35 Feudal Age
16:01 Double-Bit Axe
16:16 Fishing Lines
23:30 Castle Age
21:14 Horse Collar
24:31 Gillnets
26:24 Bow Saw
26:49 Heavy Plow
28:34 Caravan
30:09 Wheelbarrow
33:11 Imperial Age
31:26 Husbandry
31:38 Bloodlines
31:43 Forging
31:53 Masonry
31:56 Fortified Wall
33:01 Iron Casting
32:31 Scale Barding Armor
35:17 Conscription
35:41 Gold Mining
35:41 Stone Mining
36:15 Chain Barding Armor
36:07 Siege Engineers
36:36 Architecture
36:28 Ballistics
37:19 Hand Cart
36:50 Town Watch
37:41 Gold Shaft Mining
38:22 Blast Furnace
37:58 Plate Barding Armor
36:51 Heavy Scorpion
38:41 Crop Rotation
38:52 Comitatenses
37:54 Elite Centurion
38:41 Ballistas
41:02 Scale Mail Armor
42:42 Squires
42:02 Pikeman
42:47 Halberdier
Conde Rubio
9:01 Feudal Age
18:36 Castle Age
17:36 Wheelbarrow
16:57 Double-Bit Axe
17:07 Horse Collar
21:00 Gold Mining
21:01 Stone Mining
26:45 Bow Saw
26:38 Heavy Plow
26:46 Husbandry
27:35 Forging
27:31 Scale Barding Armor
28:20 Hand Cart
32:23 Imperial Age
30:16 Loom
30:17 Town Watch
32:56 Bloodlines
33:31 Iron Casting
33:17 Chain Barding Armor
32:58 Scale Mail Armor
32:22 Pikeman
32:48 Arson
34:29 Crop Rotation
34:45 Capped Ram
35:53 Conscription
35:56 Siege Ram
37:24 Coinage
37:42 Elite Battle Elephant
39:26 Blast Furnace
38:42 Chain Mail Armor
39:13 Plate Barding Armor
39:20 Double Crossbow
39:12 Halberdier
M4PUCH3
0:58 Loom
11:48 Feudal Age
12:18 Double-Bit Axe
12:40 Horse Collar
19:45 Castle Age
17:57 Gold Mining
18:43 Fletching
18:48 Stone Mining
22:30 Wheelbarrow
21:53 Crossbowman
22:29 Bodkin Arrow
22:50 Bow Saw
22:42 Heavy Plow
24:57 Ballistics
26:07 Gold Shaft Mining
26:18 Town Watch
28:57 Hand Cart
33:58 Imperial Age
32:35 Padded Archer Armor
34:09 Arbalester
34:51 Bracer
35:55 Chemistry
35:10 Elite Skirmisher
36:13 Conscription
36:17 Leather Archer Armor
36:36 Elite Longbowman
36:52 Elite Longbowman
37:58 Yeomen
38:12 Ring Archer Armor
37:53 Cranequins
38:42 Capped Ram
40:04 Onager
43:36 Pikeman
45:48 Squires
45:51 Scale Mail Armor
46:02 Forging
48:43 Chain Mail Armor
49:04 Iron Casting
50:16 Halberdier
Mr_FahrenHeit
7:18 Loom
12:51 Feudal Age
17:14 Castle Age
15:25 Horse Collar
18:58 Wheelbarrow
20:22 Double-Bit Axe
22:52 Bow Saw
27:04 Heavy Plow
28:04 Hand Cart
31:54 Imperial Age
29:47 Fletching
30:35 Elite Skirmisher
31:12 Bodkin Arrow
31:22 Padded Archer Armor
31:56 Gold Mining
32:45 Leather Archer Armor
32:58 Scale Barding Armor
32:57 Bracer
34:03 Chemistry
34:24 Ring Archer Armor
34:22 Ballistics
33:37 Cavalier
34:39 Chain Barding Armor
34:45 Elite Genitour
36:05 Conscription
36:26 Heavy Camel Rider
37:43 Plate Barding Armor
39:03 Bloodlines
39:04 Forging
38:22 Elite Camel Archer
39:22 Scale Mail Armor
39:43 Caravan
41:57 Iron Casting
41:28 Maghrebi Camels
42:54 Husbandry
42:41 Pikeman
43:54 Squires
47:12 Blast Furnace
RomaSaga
2:38 Loom
12:33 Feudal Age
16:38 Castle Age
14:33 Double-Bit Axe
14:29 Horse Collar
17:58 Bow Saw
18:13 Heavy Plow
22:18 Town Watch
23:09 Gold Mining
23:22 Stone Mining
26:21 Wheelbarrow
30:58 Imperial Age
28:38 Padded Archer Armor
29:51 Gold Shaft Mining
30:38 Leather Archer Armor
30:13 Fletching
30:40 Hand Cart
31:09 Caravan
31:39 Thumb Ring
32:27 Parthian Tactics
31:22 Heavy Cavalry Archer
32:28 Bodkin Arrow
33:27 Fortified Wall
32:44 Crossbowman
33:31 Bracer
34:01 Ring Archer Armor
33:40 Scale Barding Armor
33:57 Ballistics
33:34 Murder Holes
34:41 Forging
35:28 Sipahi
35:33 Conscription
35:16 Town Patrol
36:41 Two-Man Saw
35:56 Bloodlines
35:46 Husbandry
36:46 Chain Barding Armor
37:51 Artillery
38:27 Hoardings
38:33 Iron Casting
39:32 Plate Barding Armor
41:10 Blast Furnace
41:38 Bombard Tower
40:59 Treadmill Crane
41:30 Masonry
49:09 Heavy Scorpion
Jimmy Jay
0:43 Loom
11:51 Feudal Age
13:43 Double-Bit Axe
13:39 Horse Collar
15:50 Wheelbarrow
20:20 Castle Age
19:25 Gold Mining
19:27 Stone Mining
20:57 Wheelbarrow
21:53 Bow Saw
25:03 Town Watch
25:39 Heavy Plow
28:51 Imperial Age
27:35 Caravan
27:32 Fletching
28:02 Padded Archer Armor
29:28 Bodkin Arrow
32:48 Leather Archer Armor
33:26 Bracer
34:41 Chemistry
35:19 Ballistics
36:11 Conscription
37:36 Hand Cart
37:57 Ring Archer Armor
37:39 Guilds
38:56 Yeomen
38:56 Town Patrol
38:57 Elite Longbowman
47:37 Two-Man Saw
49:28 Masonry
49:24 Siege Engineers
49:14 Murder Holes
49:30 Fortified Wall
49:01 Treadmill Crane
49:13 Guard Tower
49:35 Forging
49:25 Scale Mail Armor
49:31 Scale Barding Armor
49:44 Fervor
49:49 Block Printing
50:00 Illumination
49:30 Herbal Medicine
50:10 Theocracy
49:36 Devotion
49:56 Sanctity
50:15 Gold Shaft Mining
50:48 Husbandry
50:09 Light Cavalry
不上青楼
4:45 Loom
9:54 Feudal Age
15:46 Castle Age
14:29 Double-Bit Axe
14:32 Horse Collar
18:24 Bow Saw
18:20 Heavy Plow
20:40 Town Watch
24:30 Wheelbarrow
26:07 Hand Cart
26:16 Loom
26:31 Town Patrol
26:53 Stone Mining
29:26 Stone Shaft Mining
28:42 Gold Mining
32:01 Imperial Age
30:13 Masonry
32:50 Gold Shaft Mining
32:25 Scale Barding Armor
32:31 Forging
33:12 Conscription
32:13 Elite War Elephant
33:14 Husbandry
33:24 Bloodlines
33:52 Hoardings
33:51 Architecture
33:17 Murder Holes
33:43 Ballistics
33:52 Chain Barding Armor
34:57 Iron Casting
35:25 Two-Man Saw
34:59 Crop Rotation
35:05 Light Cavalry
38:30 Plate Barding Armor
38:56 Blast Furnace
37:58 Caravan
41:32 Hussar
49:57 Chemistry
49:01 Kamandaran
51:47 Citadels
51:08 Sappers
52:42 Scale Mail Armor
52:43 Padded Archer Armor
52:33 Fletching
LE MINH NHAT
10:17 Feudal Age
18:15 Castle Age
16:23 Double-Bit Axe
19:39 Wheelbarrow
23:34 Gold Mining
25:09 Bow Saw
25:39 Gold Shaft Mining
24:48 Horse Collar
25:02 Fishing Lines
26:19 Hand Cart
26:39 Heavy Plow
27:40 Stone Mining
28:23 Gillnets
30:23 Caravan
35:30 Imperial Age
33:05 Marauders
32:28 Pikeman
33:13 Husbandry
33:25 Bloodlines
33:24 Scale Barding Armor
35:25 Chain Barding Armor
35:17 Forging
35:08 Scale Mail Armor
35:10 Padded Archer Armor
35:00 Fletching
35:18 Squires
34:40 Elite Skirmisher
38:53 Two-Man Saw
38:49 Conscription
37:52 Elite Tarkan
38:32 Loom
38:35 Town Watch
40:40 Plate Barding Armor
40:41 Iron Casting
40:08 Halberdier
43:48 Chain Mail Armor
44:35 Blast Furnace
48:34 Bodkin Arrow
48:55 Leather Archer Armor
49:26 Ballistics
50:07 Chemistry
Connection lost

Rejoining the realm…

Still unreachable

The connection could not be restored.

Session expired

The server has moved on; the page needs a fresh start.